 Dungeon Crawl Stone Soup version 0.22.0-27-ga576289 (webtiles) character file.

232 Lew the Covered (level 6, -1/39 HPs)
             Began as a Gargoyle Fighter on Aug 23, 2018.
             Killed by divine providence
             ... invoked by an orc priest
              (12 damage)
             ... on level 3 of the Dungeon.
             The game lasted 00:05:32 (2433 turns).

Lew the Covered (Gargoyle Fighter)                  Turns: 2433, Time: 00:05:33

Health: -1/39      AC: 14    Str: 23    XL:     6   Next: 4%
Magic:  6/6        EV:  7    Int:  7    God:
Gold:   125        SH:  9    Dex:  9    Spells: 5/5 levels left

rFire    . . .     SeeInvis .   a - +0 war axe
rCold    . . .     Gourm    .   c - +0 shield
rNeg     + . .     Faith    .   b - +0 scale mail
rPois    ∞         Spirit   .   e - +0 helmet
rElec    +         Reflect  .   (no cloak)
rCorr    .         Harm     .   m - +1 pair of gloves
MR       .....                  (no boots)
Stlth    +.........             (no amulet)
HPRegen  0.13/turn              (no ring)
MPRegen  0.10/turn              (no ring)

@: no status effects
A: dopey 1, negative energy resistance 1, electricity resistance, strong 1,
unbreathing, petrification resistance, rot immunity, AC +4
a: no special abilities


You were on level 3 of the Dungeon.
You were not hungry.

You visited 1 branch of the dungeon, and saw 3 of its levels.
You also visited: Sewer.

You collected 125 gold pieces.

Inventory:

Hand Weapons
 a - a +0 war axe (weapon)
Armour
 b - a +0 scale mail (worn)
 c - a +0 shield (worn)
 e - a +0 helmet (worn)
 m - a +1 pair of gloves (worn)
Scrolls
 h - a scroll of fog {unknown}
 j - 2 scrolls of immolation
 l - a scroll of teleportation
Potions
 d - a potion of might
 g - a potion of lignification
 i - a potion of flight
 k - a potion of brilliance
Comestibles
 f - 3 rations


   Skills:
 + Level 4.3 Fighting
 + Level 2.8 Axes
 + Level 4.3 Armour
 + Level 2.8 Stealth
 + Level 4.2 Shields


You had 5 spell levels left.
You didn't know any spells.
Your spell library was empty.

Dungeon Overview and Level Annotations

Branches:
Dungeon (3/15)

Altars:
Dithmenos
Hepliaklqana
Nemelex Xobeh


Innate Abilities, Weirdness & Mutations

You are resistant to torment.
Your stone body is resilient. (AC +4)
You are immune to poison.
You resist negative energy. (rN+)
You are resistant to electric shocks. (rElec)
You can survive without breathing.
You are immune to petrification.
You are immune to rotting.
You are dopey. (Int -2)
Your muscles are strong. (Str +2)


Message History

You feel better. The orc priest hits you.
You hit the orc priest.
You kill the orc priest!
You have reached level 6!
Your experience leads to an increase in your attributes!
Your base attributes are Str 20, Int 9, Dex 9.
Increase (S)trength, (I)ntelligence, or (D)exterity?
You feel stronger.
The orc priest mumbles some strange prayers to Beogh against you.
Beogh smites you!
* * * LOW HITPOINT WARNING * * *
You barely miss the orc. The orc closely misses you.
The orc completely misses you.
You slash the orc!
You kill the orc!
You closely miss the orc priest. You block the orc priest's attack.
You hit the orc priest but do no damage.
The orc priest calls down the wrath of Beogh upon you.
Beogh smites you!
You die...

#.#
*,,,,#...##...##..##.######.#
#.#
*,,,,...##.....##.##.##.....#
#.#
*,,,,#..#.......#.##<##.#####
#.# *,,,,*#....._.....#####.#
#.##*,,,,*###.......### #.#
...#**+***,,##.....## #.# #..#
*,* *,**##.".## #.#
...#**,***,,,,##.##**** #.#
#.##*,,,,,****,#@#*,,,* #.#
..#******,** *,#o#*,*,* ###.###
...,,,,,,,,***,#w#*,*,* #.....#
..#******,,,,,,..#*,*,* #.#.#.#
...,,,,,*,,***,<#.,,*,* #.#.#.#
..#****,**,*,,..*.***,###.#.#.#
..# *,**,*,*..*.,,*,#...#.#.#
,>*****,,,,*,#.#*##,*,#.###.#.#
****,,,,,,**,*,,,,,,*,#.# #.#.#


You could see an orc priest and a dart slug.

Vanquished Creatures
  A big kobold (Sewer)
  An orc priest (D:3)
  Robin (D:2)
  2 adders (D:2)
  A river rat (Sewer)
  4 worms
  2 dart slugs (D:1)
  2 leopard geckos (D:1)
  3 orcs (D:3)
  14 bats
  A giant cockroach (D:1)
  14 goblins
  8 hobgoblins
  2 jackals (Sewer)
  A quokka (D:3)
  4 frilled lizards
  9 kobolds
  8 rats
78 creatures vanquished.

Notes
Turn   | Place    | Note
-------+----------+-------------------------------------------
     0 | D:1      | Lew the Gargoyle Fighter began the quest for the Orb.
     0 | D:1      | Reached XP level 1. HP: 14/14 MP: 1/1
   122 | D:1      | Reached XP level 2. HP: 19/19 MP: 2/2
   192 | D:1      | Reached skill level 1 in Stealth
   444 | D:1      | Reached XP level 3. HP: 23/23 MP: 3/3
  1034 | D:2      | Noticed Robin
  1157 | D:2      | Killed Robin
  1157 | D:2      | Reached XP level 4. HP: 26/29 MP: 4/4
  1194 | D:2      | Gained mutation: You are dopey. (Int -2) [potion of mutation]
  1194 | D:2      | Gained mutation: Your muscles are strong. (Str +2) [potion of mutation]
  1228 | D:2      | Found a hazy altar of Hepliaklqana.
  1697 | D:3      | Found a glowing drain.
  1714 | Sewer    | Entered a sewer
  1891 | Sewer    | Noticed a big kobold
  1908 | Sewer    | Reached XP level 5. HP: 31/33 MP: 5/5
  1923 | Sewer    | Killed a big kobold
  2015 | Sewer    | Found a white marble altar of Elyvilon.
  2239 | D:3      | Found a sparkling altar of Nemelex Xobeh.
  2399 | D:3      | Found a shadowy altar of Dithmenos.
  2429 | D:3      | Reached XP level 6. HP: 20/39 MP: 6/6
  2433 | D:3      | Killed from afar by an orc priest

Skill      XL: |  1  2  3  4  5 |
---------------+----------------+-----
Axes           | 2 |  2.8
Stealth        | 1 2 |  2.8
Fighting       | 4 |  4.3
Armour         | 4 |  4.3
Shields        | 4 |  4.2

Action                   |  1- 3 |  4- 6 || total
-------------------------+-------+-------++-------
Melee: War axe           |   177 |   121 ||   298
  Use: Scroll            |     1 |     7 ||     8
       Potion            |       |     6 ||     6
  Eat: Chunk             |       |     6 ||     6
Armor: Scale mail        |   130 |    72 ||   202
Dodge: Dodged            |    76 |    38 ||   114
Block: Shield            |   130 |    60 ||   190
